 Dungeon Crawl Stone Soup version 0.28-a0-1087-gf3fc490d9d (webtiles) character file.

Game seed: 7857078222288237409

846 spaghetti the Nimble (level 8, -11/52 HPs)
             Began as an Octopode Chaos Knight on Dec 10, 2021.
             Was a Plaything of Xom.
             Mangled by an ogre (31 damage)
             ... on level 5 of the Dungeon.
             The game lasted 00:08:48 (4563 turns).

spaghetti the Nimble (Octopode Chaos Knight)        Turns: 4563, Time: 00:08:49

Health: -11/52     AC:  3    Str: 11    XL:     8   Next: 0%
Magic:  8/8        EV: 16    Int: 18    God:    Xom [.*....]
Gold:   120        SH:  0    Dex: 12    Spells: 7/7 levels left

rFire   . . .      SeeInvis .   o - +2 short sword (venom) {short}
rCold   . . .      Faith    .   (no shield)
rNeg    . . .      Spirit   .   (helmet restricted)
rPois   .          Reflect  .   (no amulet)
rElec   .          Harm     .   (no ring)
rCorr   .          Rampage  .   (no ring)
Will    .....                   (no ring)
Stlth   ++........              (no ring)
HPRegen 0.17/turn               (no ring)
MPRegen 0.11/turn               (no ring)
                                (no ring)
                                (no ring)

@: mighty
A: almost no armour, amphibious, 8 rings, camouflage 1, gelatinous body 1,
(nimble swimmer 1), tentacles, tentacle spike 1, iridescent scales 1, clever 1,
wild magic 1
a: Renounce Religion


You were on level 5 of the Dungeon.
You worshipped Xom.
You were a plaything of Xom.
You visited 1 branch of the dungeon, and saw 5 of its levels.

You collected 120 gold pieces.


Innate Abilities, Weirdness & Mutations

You cannot wear most types of armour.
You are amphibious.
You can wear up to eight rings at the same time.
Your skin changes colour to match your surroundings (Stealth+).
Your rubbery body absorbs attacks. (AC +1, EV +1)
((You are camouflaged near water. (Stealth+)))
You have tentacles for arms and can constrict up to eight enemies at once.
One of your tentacles bears a spike.
You are partially covered in iridescent scales. (AC +2)
Your mind is acute. (Int +2)
Your spells are a little harder to cast, but a little more powerful.


   Skills:
 - Level 3.0 Fighting
 - Level 3.0 Short Blades
 + Level 9.1 Dodging


You had 7 spell levels left.
You didn't know any spells.
Your spell library was empty.

Inventory:

Hand Weapons
 a - a +1 short sword of protection {short}
 o - a +2 short sword of venom (weapon) {short}
   (You took it off a kobold on level 4 of the Dungeon)
Missiles
 b - 90 stones (quivered) {throwing}
 c - 4 silver boomerangs {throwing}
 e - 17 sling bullets
 h - 31 bolts
 j - 4 poisoned darts {throwing}
 k - 3 throwing nets {=f!fthrowing}
 m - 66 arrows
Magical Staves
 d - a staff of poison {!astaff}
   (You found it on level 3 of the Dungeon)
Wands
 p - a wand of digging (4)
   (You found it on level 4 of the Dungeon)
 q - a wand of charming (6)
   (You found it on level 5 of the Dungeon)
Scrolls
 g - a scroll of fog
 i - 6 scrolls of identify {@r1}
Potions
 f - 2 potions of might
 l - a potion of brilliance

Dungeon Overview and Level Annotations

Branches:
Dungeon (5/15)
 Temple: D:4-7

Altars:

Shops:
D:4 *

Portals:
Sewer: D:3

Annotations:
D:3 Robin, Terence
D:5 Grinder

# #######$##
## ##.# .#
#†## .# ##.#
.# #.## .#
##.# .# #5##
##.. .#
##5####.....
.# #..@....#
## ##O5#####
# ##.## #
#.#.# #...#
#..## .
...)## ##
......
#<....


You could see an ogre, Grinder the lemure (ally target), a friendly quasit
(summoned) and a friendly ufetubus (summoned).


Message History

Okay, then.
Aiming: Charm
Press: ? - help, Shift-Dir - straight line, f - water moccasin
Aim: a water moccasin (heavily wounded, constricted by you, chance to affect: 46%)
The water moccasin resists with some effort.
You constrict the water moccasin. The water moccasin closely misses you.
The water moccasin misses you.
Aiming: Charm
Press: ? - help, Shift-Dir - straight line, f/p - water moccasin
Aim: a water moccasin (severely wounded, constricted by you, chance to affect: 46%)
The water moccasin resists with some effort.
You constrict the water moccasin.
The orc throws a boomerang.
The boomerang barely misses you. The water moccasin bites you.
* * * LOW HITPOINT WARNING * * *
😱 HP[-4]
You take 4 damage, and now have 8/46 hp.
Aiming: Charm
Press: ? - help, Shift-Dir - straight line, f/p - water moccasin
Aim: a water moccasin (severely wounded, constricted by you, chance to affect: 46%)
The water moccasin is charmed.
You release your grip on your water moccasin.
What are your orders? t - Shout!
Orders for allies: a - Attack new target. p - Attack previous target. r - Retreat! s - Stop attacking. g - Guard the area. f - Follow me.
Anything else - Cancel.
Gang up on whom?
Press: ? - help, Dir - move target, f - orc, p - water moccasin
Aim: an orc, wielding a +0 whip, wearing a +0 chain mail of positive energy and quivering boomerangs Attack!
You see here a hound corpse.
Your water moccasin bites the orc but does no damage.
The orc closely misses your water moccasin.
Your water moccasin bites the orc.
Unknown command.
Your water moccasin bites the orc but does no damage.
The orc barely misses your water moccasin.
Your water moccasin bites the orc!
The orc dies!
The sky beast flickers out of sight!
Deactivating autopickup; reactivate with Ctrl-A. 😱 HP[+1]
A dart slug comes into view.
Okay, then.
You feel better.
You feel a bit more experienced. The dart slug launches a dart at you.
The slug dart misses you. 😨 HP[+9]
You regained 9 hp, and now have 18/46 hp.
A white imp comes into view.
You see here 8 gold pieces.
You puncture the dart slug!
You kill the dart slug!
Something hits you but does no damage. 😨 HP[+1]
You miss something.
You pierce something!
The white imp gestures at you.
The puff of frost hits something!
A sky beast appears from thin air!
Reactivating autopickup.
The sky beast completely misses you.
You barely miss the sky beast.
You pierce the sky beast.
You kill the sky beast!
An orc comes into view. It is wielding a +0 flail.
You feel a bit more experienced.
The orc moves out of view.
You see here 8 gold pieces.
You are too injured to fight recklessly!
The white imp gestures at you. The puff of frost hits you.
* * * LOW HITPOINT WARNING * * *
Grinder says, "There's only one good use for a tongue: cutting it out." 😨 HP[-3]
You take 3 damage, and now have 16/46 hp.
Your water moccasin barely misses the orc.
The white imp barely misses you.
The sentinel's mark upon you fades away.
Your water moccasin bites the orc!
The orc dies!
You see here 8 gold pieces. 😨 HP[+1]
Okay, then.
You puncture the white imp!
You kill the white imp!
Grinder hits your water moccasin.
Your water moccasin dies!
Your Dodging skill increases to level 9!
You have reached level 8! 😨 HP[+2] MP[+1]
You now have 52 max hp (+6).
You regained 2 hp, and now have 19/52 hp.
Your mp is fully restored (8).
Unknown command.
You see here a dart slug corpse. 😨 HP[+1]
An ogre comes into view. It is wielding a +0 giant club.
Xom momentarily opens a gate.
The ogre hits you with a +0 giant club!!
Ouch! That really hurt!
You die...
Xom chuckles heartily!

Skill      XL: |  1  2  3  4  5  6  7 |
---------------+----------------------+-----
Dodging        | 3 4 6 7 9 |  9.1
Fighting       | |  3.0
Short Blades   | |  3.0

Action                   |  1- 3 |  4- 6 |  7- 9 || total
-------------------------+-------+-------+-------++-------
Melee: Short sword       |    85 |    92 |    55 ||   232
       Constrict         |    16 |    17 |    15 ||    48
       Tentacles         |    15 |    23 |     9 ||    47
       Kick              |       |    13 |    10 ||    23
Evoke: Wand              |       |       |     5 ||     5
  Use: Potion            |     1 |     6 |     2 ||     9
       Scroll            |       |     4 |     1 ||     5
 Stab: Sleeping          |     3 |     6 |     1 ||    10
       Paralysed         |     1 |       |     2 ||     3
       Petrified         |     1 |       |       ||     1
       Distracted        |       |       |     1 ||     1
Armor: Skin              |    12 |    15 |     9 ||    36
Dodge: Dodged            |    50 |    61 |    35 ||   146

Levels and vault maps discovered:
D:1:      dpeg_arrival_leaves_temple_mockup, layout_rooms,
          shapermc_ecumenical_altar_starsandcircs, corexii_hall_statues_l
D:2:      layout_loops_cross, chequers_serial_rivers_large_a,
          minmay_pentomino_s2, uniq_sigmund
D:3:      layout_loops_cross, portal_sewer_entry_b, kennysheep_generic_room_12,
          uniq_robin, uniq_terence, uniq_ijyb
D:4:      layout_loops_ring, serial_shops, shop, item_on_display_a
D:5:      layout_cave_pods, minmay_bent, uniq_grinder

Notes
Turn   | Place    | Note
-------+----------+-------------------------------------------
     0 | D:1      | spaghetti the Octopode Chaos Knight began the quest for the
                  | Orb.
     0 | D:1      | Reached XP level 1. HP: 16/16 MP: 1/1
     0 | D:1      | magus.rc [v1.9.6]
   168 | D:1      | Reached skill level 3 in Dodging
   168 | D:1      | Reached XP level 2. HP: 21/21 MP: 2/2
   254 | D:1      | XOM: silly message
   273 | D:1      | XOM: divination: detect creatures
   372 | D:1      | XOM: silly message
   510 | D:1      | Reached XP level 3. HP: 26/26 MP: 3/3
   511 | D:1      | Found a faded altar of an unknown god.
   708 | D:1      | XOM: silly message
   975 | D:2      | XOM: silly message
   992 | D:2      | Reached skill level 4 in Dodging
  1444 | D:2      | Noticed Sigmund
  1598 | D:2      | Reached XP level 4. HP: 21/31 MP: 4/4
  1979 | D:2      | XOM: potion effect (invisibility)
  1990 | D:2      | HP: 3/31 [Sigmund (7)]
  1992 | D:2      | XOM: potion effect (curing)
  1993 | D:2      | Killed Sigmund
  1994 | D:2      | Reached skill level 6 in Dodging
  1994 | D:2      | Reached XP level 5. HP: 12/36 MP: 5/5
  2323 | D:3      | Reached XP level 6. HP: 42/42 MP: 6/6
  2386 | D:3      | XOM: give mutations
  2386 | D:3      | Gained mutation: You are partially covered in iridescent
                  | scales. (AC +2) [Xom's grace]
  2386 | D:3      | Gained mutation: Your spells are a little harder to cast,
                  | but a little more powerful. [Xom's grace]
  2386 | D:3      | Gained mutation: One of your tentacles bears a spike.
                  | [Xom's grace]
  2386 | D:3      | Gained mutation: Your mind is acute. (Int +2) [Xom's grace]
  2628 | D:3      | Found a glowing drain.
  2878 | D:3      | Noticed Robin
  2898 | D:3      | Noticed Terence
  2940 | D:4      | XOM: 3-stop teleportation journey
  3115 | D:4      | Found Wigo's Assorted Antiques.
  3154 | D:4      | XOM: enchant monster (bad)
  3171 | D:4      | XOM: cast spell 'Olgreb's Toxic Radiance'
  3176 | D:4      | XOM: confusion (+ monsters)
  3190 | D:4      | Reached skill level 7 in Dodging
  3289 | D:4      | XOM: 3-stop teleportation journey
  3450 | D:4      | Noticed a black bear
  3460 | D:4      | Killed a black bear
  3461 | D:4      | Reached XP level 7. HP: 43/46 MP: 7/7
  3789 | D:4      | Reached skill level 8 in Dodging
  3803 | D:4      | XOM: god gift: scroll labelled OGIUS OG CETER {god gift}
  3974 | D:4      | XOM: cloud trail
  3985 | D:4      | XOM: silly message
  4194 | D:5      | Entered Level 5 of the Dungeon
  4207 | D:5      | Noticed Grinder
  4224 | D:5      | Noticed Grinder
  4224 | D:5      | Grinder changed into Grinder the lemure
  4224 | D:5      | XOM: polymorph Grinder -> Grinder the lemure
  4533 | D:5      | HP: 8/46 [water moccasin (5)]
  4556 | D:5      | Reached skill level 9 in Dodging
  4556 | D:5      | Reached XP level 8. HP: 19/52 MP: 8/8
  4562 | D:5      | XOM: summons 2 friendly demons
  4563 | D:5      | Mangled by an ogre

Vanquished Creatures
  Sigmund (D:2)
  A black bear (D:4)
  A sky beast (D:5)
  A scorpion (D:4)
  A bullfrog skeleton (D:5)
  2 hounds
  A gnoll shaman (D:4)
  An iguana (D:4)
  A hound skeleton (D:4)
  8 adders
  7 gnolls (D:4)
  A river rat (D:3)
  A white imp (D:5)
  2 adder skeletons (D:4)
  A worm (D:3)
  3 dart slugs
  6 orcs (D:4)
  4 endoplasms
  5 giant cockroaches
  11 goblins
  15 hobgoblins
  2 jackals (D:1)
  3 quokkas
  4 ball pythons
  5 bats
  2 frilled lizards
  2 kobolds
  9 rats
101 creatures vanquished.

Vanquished Creatures (collateral kills)
  4 orcs (D:5)
4 creatures vanquished.

Vanquished Creatures (others)
  A water moccasin (D:5)
1 creature vanquished.

Grand Total: 106 creatures vanquished

Table legend:
 A = Non-vault XP
 B = Vault XP
 C = Vault XP percentage of total XP
 D = Non-vault monster count
 E = Vault monster count
 F = Vault count percentage of total count
                 A         B        C        D         E       F
            +---------+---------+-------+---------+---------+-------
      Total |     958 |     251 |  20.8 |      95 |      11 |  10.4
            +---------+---------+-------+---------+---------+-------
        D:1 |      45 |       0 |   0.0 |      26 |       0 |   0.0
        D:2 |      47 |     223 |  82.6 |      15 |       1 |   6.2
        D:3 |      50 |      28 |  35.9 |      13 |      10 |  43.5
        D:4 |     524 |       0 |   0.0 |      30 |       0 |   0.0
        D:5 |     292 |       0 |   0.0 |      11 |       0 |   0.0
            +---------+---------+-------+---------+---------+-------

Illustrated notes

Table legend:
 A = Kills in this place as a percentage of kills in entire the game.
 B = Kills by you in this place as a percentage of kills by you in the entire game.
 C = Kills by friends in this place as a percentage of kills by friends in the entire game.
 D = Other kills in this place as a percentage of other kills in the entire game.
 E = Experience gained in this place as a percentage of experience gained in the entire game.
 F = Experience gained in this place divided by the number of levels of this place that you have seen.
                   A       B       C       D       E      F
               +-------+-------+-------+-------+-------+----------------------
         Total | 100.0 | 100.0 | 100.0 | 100.0 | 100.0 | 241.8
       Dungeon | 100.0 | 100.0 | 100.0 | 100.0 | 100.0 | 241.8
               +-------+-------+-------+-------+-------+----------------------

Table legend: (Time is in decaauts)
 A = Elapsed time spent in this place.
 B = Non-inter-level travel time spent in this place.
 C = Inter-level travel time spent in this place.
 D = Time resting spent in this place.
 E = Time spent auto-exploring this place.
 F = Levels seen in this place.
 G = Mean time per level.
                   A        B        C        D        E       F      G
               +--------+--------+--------+--------+--------+-----+--------+
         Total |   4544 |   4470 |     74 |   1881 |   1892 |   5 |  908.8 |
       Dungeon |   4544 |   4470 |     74 |   1881 |   1892 |   5 |  908.8 |
               +--------+--------+--------+--------+--------+-----+--------+

Top non-repeatable levels by time:
     D:4: 1484 daAuts
     D:2: 1457 daAuts
     D:1: 840 daAuts
     D:3: 625 daAuts
     D:5: 138 daAuts
